 Dungeon Sprint DCSS version 0.30-a0-122-g2a1322497e (webtiles) character file.

Game seed: 4952908439723713576

23017 mhtbhm the Metallomancer (level 13, -5/69 HPs)
             Began as a Gargoyle Earth Elementalist on Sept 16, 2022.
             Was the Champion of Vehumet.
             Slain by a vampire knight
             ... wielding a +0 great mace
              (7 damage)
             ... in the Dungeon (Sprint IX: "|||||||||||||||||||||||||||||").
             The game lasted 00:19:19 (4650 turns).

mhtbhm the Metallomancer (GrEE)                     Turns: 4650, Time: 00:19:20

Health: -5/69      AC: 20    Str: 14    XL:     13   Next: 4%
Magic:  1/36       EV: 14    Int: 22    God:    Vehumet [******]
Gold:   339        SH:  0    Dex: 14    Spells: 10/51 levels left

rFire   . . .      SeeInvis +    E - +6 hand axe of the Fortifying Wasp {vorpal, Will++ Int-3 Dex+4 SInv}
rCold   + + .      Faith    .    (no shield)
rNeg    + . .      Spirit   .    a - +0 troll leather armour
rPois   ∞          Reflect  .    x - +1 hat
rElec   +          Harm     .    u - +1 cloak
rCorr   .          Rampage  .    F - +1 pair of gloves "Fozij" {rC++ Regen+}
Will    ++...      NoTele   +    k - +0 pair of boots
Stlth   +++.......               o - amulet of the acrobat
HPRegen 1.81/turn                m - +3 ring of strength
MPRegen 0.25/turn                n - +3 ring of intelligence

@: studying Conjurations
A: sickness immunity, AC +9, negative energy resistance 1, electricity
resistance, torment resistance 1, petrification resistance
a: Renounce Religion


You were in the Dungeon.
You worshipped Vehumet.
Vehumet was exalted by your worship.
You visited 1 branch You collected 1911 gold pieces.
You spent 1572 gold pieces at shops.

Inventory:

Hand Weapons
 j - a +2 morningstar of draining
 E - the +6 hand axe of the Fortifying Wasp (weapon) {vorpal, Will++ Int-3 Dex+4 SInv}
   (You found it in the Dungeon)

   It inflicts extra damage upon your enemies.
   Int:       It affects your intelligence (-3).
   Dex:       It affects your dexterity (+4).
   SInv:      It lets you see invisible.
   Will:      It greatly increases your willpower.
Missiles
 s - 2 datura-tipped darts (quivered)
Armour
 a - a +0 troll leather armour (worn)
 k - a +0 pair of boots (worn)
 l - a +0 helmet
 u - a +1 cloak (worn)
 x - a +1 hat (worn)
 F - the +1 pair of gloves "Fozij" (worn) {rC++ Regen+}
   (You found it in the Dungeon)

   rC:        It greatly protects you from cold.
   Regen:     It increases your rate of health regeneration.
Jewellery
 m - a +3 ring of strength (left hand)
 n - a +3 ring of intelligence (right hand)
 o - an amulet of the acrobat (around neck)
 y - a ring of ice
 B - a ring of protection from cold
 C - a ring of willpower
 D - a ring of protection from fire
Scrolls
 e - a scroll of identify
 g - a scroll of blinking
 h - 2 scrolls of amnesia
 p - 4 scrolls of enchant weapon
 q - 8 scrolls of enchant armour
 r - 2 scrolls of fear
Potions
 c - 14 potions of curing
 d - 4 potions of heal wounds
 f - 2 potions of berserk rage
 t - a potion of attraction
 v - a potion of haste
 w - 3 potions of might
 z - 2 potions of mutation
 A - a potion of cancellation
 G - a potion of brilliance
 H - a potion of resistance


   Skills:
 + Level 3.5 Fighting
 + Level 1.5 Maces & Flails
 + Level 3.9 Armour
 + Level 6.3 Dodging
 + Level 6.6 Stealth
 + Level 19.9 Spellcasting
 + Level 8.6 Conjurations
 + Level 3.1 Transmutations
 + Level 24.8 Earth Magic
 + Level 2.7 Evocations


You had 10 spell levels left.
You knew the following spells:

 Your Spells              Type           Power      Damage    Failure   Level
a - Sandblast             Erth           100%       2d20      0%          1
b - Passwall              Tmut/Erth      58%        N/A       0%          2
c - Stone Arrow           Conj/Erth      100%       3d13      0%          3
d - Petrify               Tmut/Erth      70%        N/A       1%          4
e - Inner Flame           Hex/Fire       21%        N/A       2%          3
f - Lee's Rapid Deconstr  Erth           46%        3d23*     0%          5
g - Starburst             Conj/Fire      20%        6d7       17%         6
h - Shatter               Erth           46%        3d35*     2%          9
i - Lehudib's Crystal Sp  Conj/Erth      38%        10d10     5%          8

Your spell library contained the following spells:

 Spells                   Type           Power      Damage    Failure   Level
 Polar Vortex             Ice            10%        N/A       100%        9


Dungeon Overview and Level Annotations

Branches:
Dungeon (1/1)

Altars:
Cheibriados
Dithmenos
Elyvilon
Fedhas
Gozag
Hepliaklqana
Kikubaaqudgha
Makhleb
Nemelex Xobeh
Okawaru
Qazlal
Ru
Sif Muna
Trog
Uskayaw
Vehumet
Wu Jian
Xom
Yredelemnul
Zin
The Shining One
Jiyva
Lugonu

Shops:
D !:[


Innate Abilities, Weirdness & Mutations

You are immune to sickness and miasma.
Your stone body is resilient. (AC +9)
You are immune to poison.
You resist negative energy. (rN+)
You are resistant to electric shocks. (rElec)
You are resistant to unholy torment.
You are immune to petrification.


Message History

Okay, then.
Aiming: Bolt of Light
Press: ? - help, Shift-Dir - straight line, f - you That beam is likely to hit you.
Continue anyway?
Okay, then.
The vampire knight casts a spell at you.
The vampire knight blinks!
Aiming: Bolt of Light
Press: ? - help, Shift-Dir - straight line, f - vampire knight
Aim: a vampire knight, wielding a +0 great mace and wearing a +0 chain mail (almost destroyed, fast, slightly transparent, 79% to hit)
The bolt of light hits the vampire knight but does no damage.
The vampire knight is almost destroyed.
The vampire knight is blinded.
The now-empty wand crumbles to dust.
The vampire knight closely misses you.
The vampire knight bites you but does no damage.
Unknown command.
Unknown command.
Casting: Sandblast (safe; 0% risk of failure)
Confirm with . or Enter, or press ? or * to list all spells.
Aiming: Sandblast (safe; 0% risk of failure)
Press: ? - help, Shift-Dir - straight line, f/p - vampire knight
Aim: a vampire knight, wielding a +0 great mace and wearing a +0 chain mail (almost destroyed, fast, slightly transparent, blind, 89% to hit)
The blast of sand hits the vampire knight but does no damage.
The vampire knight is almost destroyed.
The vampire knight points at you and mumbles some strange words.
You resist with almost no effort. The vampire knight closely misses you.
The vampire knight bites you but does no damage.
Unknown command.
Casting: Sandblast (safe; 0% risk of failure)
Confirm with . or Enter, or press ? or * to list all spells.
Aiming: Sandblast (safe; 0% risk of failure)
Press: ? - help, Shift-Dir - straight line, f/p - vampire knight
Aim: a vampire knight, wielding a +0 great mace and wearing a +0 chain mail (almost destroyed, fast, slightly transparent, blind, 89% to hit)
The blast of sand hits the vampire knight.
The vampire knight is almost destroyed.
The vampire knight hits you with a +0 great mace!!
* * * LOW HITPOINT WARNING * * *
The vampire knight bites you but does no damage.
The vampire knight misses you. The vampire knight bites you!
You die...

▓_▓.▓†▓.▓.▓.▓)▓
▓_▓.▓.▓)▓.▓.▓)▓
▓_▓.▓.▓.▓)▓.▓)▓
▓_▓.▓.▓.▓.▓.▓)▓
▓_▓.▓.▓.▓)▓.▓)▓
▓'▓.▓.▓.▓)▓.▓)▓
▓.▓.▓[▓.▓)▓.▓)▓
▓.▓.▓.▓.▓.▓.▓V▓
▓.▓.▓.▓.▓'▓.▓@▓
▓.▓.▓.▓.▓.▓.▓.▓
▓.▓.▓.▓.▓.▓.▓.▓
▓'▓.▓.▓.▓.▓.▓.▓
▓.▓.▓.▓.▓.▓.▓'▓
▓.▓.▓.▓.▓.▓.▓.▓
▓.▓.▓'▓.▓.▓.▓.▓
▓.▓.▓.▓.▓.▓.▓.▓
▓†▓.▓.▓)▓.▓.▓.▓


You could see a vampire knight (fast, invisible, blind).

Vanquished Creatures
  A lich (D)
  A frost giant (D)
  An ettin (D)
  Josephine (D)
  A fire dragon (D)
  A rakshasa (D)
  A hydra (D)
  2 catoblepae (D)
  2 boulder beetles (D)
  An ogre mage (D)
  A death knight (D)
  4 death yaks (D)
  A hell knight (D)
  6 orc sorcerers (D)
  An ugly thing (D)
  2 orc knights (D)
  2 cyclopes (D)
  A black mamba (D)
  4 cane toads (D)
  2 komodo dragons (D)
  4 trolls (D)
  A slime creature (D)
  6 wraiths (D)
  A wyvern (D)
  3 basilisks (D)
  4 yaks (D)
  3 water moccasins (D)
  3 black bears (D)
  9 orc warriors (D)
  A centaur (D)
  3 bullfrogs (D)
  A scorpion (D)
  A wight (D)
  A howler monkey (D)
  3 orc priests (D)
  An iguana (D)
  11 orc wizards (D)
  An adder (D)
  8 orcs (D)
  2 endoplasms (D)
  A giant cockroach (D)
  A quokka (D)
  A frilled lizard (D)
106 creatures vanquished.

Notes
Turn   | Place    | Note
-------+----------+-------------------------------------------
     0 | D        | mhtbhm the Gargoyle Earth Elementalist began the quest for
                  | the Orb.
     0 | D        | Reached XP level 1. HP: 10/10 MP: 3/3
     5 | D        | Reached skill level 4 in Earth Magic
    40 | D        | Noticed an iguana
    40 | D        | Noticed a black bear
    40 | D        | Noticed a scorpion
    40 | D        | Noticed a black bear
    50 | D        | Killed a black bear
    51 | D        | Reached skill level 8 in Earth Magic
    51 | D        | Reached XP level 2. HP: 14/15 MP: 0/7
    51 | D        | Reached XP level 3. HP: 18/19 MP: 0/9
    51 | D        | Reached XP level 4. HP: 22/24 MP: 0/10
    54 | D        | Reached skill level 5 in Spellcasting
    54 | D        | Reached skill level 1 in Transmutations
    54 | D        | Killed a scorpion
    55 | D        | Reached skill level 9 in Earth Magic
    55 | D        | Reached XP level 5. HP: 27/28 MP: 8/13
    56 | D        | Killed a black bear
    57 | D        | Reached skill level 5 in Stealth
    57 | D        | Reached skill level 10 in Earth Magic
    57 | D        | Reached XP level 6. HP: 31/32 MP: 7/15
    60 | D        | Reached skill level 11 in Earth Magic
    98 | D        | Learned a level 2 spell: Passwall
   102 | D        | Learned a level 3 spell: Stone Arrow
   107 | D        | Learned a level 4 spell: Petrify
   128 | D        | Found a snail-covered altar of Cheibriados.
   128 | D        | Found a shadowy altar of Dithmenos.
   128 | D        | Found a white marble altar of Elyvilon.
   128 | D        | Found a blossoming altar of Fedhas.
   128 | D        | Found an opulent altar of Gozag.
   129 | D        | Found a hazy altar of Hepliaklqana.
   130 | D        | Found a viscous altar of Jiyva.
   131 | D        | Found an ancient bone altar of Kikubaaqudgha.
   132 | D        | Found a corrupted altar of Lugonu.
   133 | D        | Found a burning altar of Makhleb.
   134 | D        | Found a sparkling altar of Nemelex Xobeh.
   135 | D        | Found an iron altar of Okawaru.
   136 | D        | Found a stormy altar of Qazlal.
   137 | D        | Found a sacrificial altar of Ru.
   138 | D        | Found a shimmering blue altar of Sif Muna.
   139 | D        | Found a bloodstained altar of Trog.
   140 | D        | Found a hide-covered altar of Uskayaw.
   141 | D        | Found a radiant altar of Vehumet.
   142 | D        | Found an ornate altar of the Wu Jian Council.
   153 | D        | Found a shimmering altar of Xom.
   154 | D        | Found a basalt altar of Yredelemnul.
   155 | D        | Found a glowing silver altar of Zin.
   156 | D        | Found a glowing golden altar of the Shining One.
   159 | D        | Became a worshipper of Vehumet
   199 | D        | Noticed a wraith
   199 | D        | Noticed a troll
   199 | D        | Noticed a troll
   199 | D        | Noticed a yak
   204 | D        | Killed a yak
   205 | D        | Reached skill level 12 in Earth Magic
   205 | D        | Reached XP level 7. HP: 35/36 MP: 7/18
   208 | D        | Killed a troll
   208 | D        | Reached * piety under Vehumet
   208 | D        | Offered knowledge of Shock by Vehumet.
   209 | D        | Reached skill level 1 in Conjurations
   209 | D        | Reached skill level 13 in Earth Magic
   210 | D        | Killed a wraith
   211 | D        | Reached skill level 14 in Earth Magic
   211 | D        | Reached XP level 8. HP: 35/42 MP: 1/21
   211 | D        | Killed a troll
   212 | D        | Reached skill level 5 in Dodging
   236 | D        | Reached ** piety under Vehumet
   348 | D        | Noticed a troll
   348 | D        | Noticed a cyclops
   348 | D        | Noticed a five-headed hydra
   348 | D        | Noticed a boulder beetle
   348 | D        | Noticed a troll
   360 | D        | Killed a troll
   360 | D        | Offered knowledge of Static Discharge by Vehumet.
   361 | D        | Reached skill level 10 in Spellcasting
   361 | D        | Reached skill level 15 in Earth Magic
   482 | D        | Killed a five-headed hydra
   483 | D        | Reached skill level 1 in Fighting
   483 | D        | Reached skill level 1 in Armour
   483 | D        | Reached skill level 16 in Earth Magic
   483 | D        | Reached skill level 1 in Evocations
   483 | D        | Reached XP level 9. HP: 47/47 MP: 14/24
   769 | D        | Killed a boulder beetle
   769 | D        | Offered knowledge of Kindle Blastsparks by Vehumet.
   770 | D        | Reached skill level 5 in Conjurations
   787 | D        | Killed a cyclops
   787 | D        | Reached *** piety under Vehumet
   788 | D        | Reached skill level 17 in Earth Magic
   790 | D        | Killed a troll
  1130 | D        | Noticed a cane toad
  1130 | D        | Noticed a cane toad
  1133 | D        | Killed a cane toad
  1133 | D        | Offered knowledge of Inner Flame by Vehumet.
  1134 | D        | Reached XP level 10. HP: 53/53 MP: 18/26
  1135 | D        | Reached **** piety under Vehumet
  1138 | D        | Killed a cane toad
  1142 | D        | Reached ***** piety under Vehumet
  1153 | D        | Reached skill level 18 in Earth Magic
  1279 | D        | Learned a level 3 spell: Inner Flame
  1288 | D        | Noticed a cane toad
  1290 | D        | Offered knowledge of Lee's Rapid Deconstruction by Vehumet.
  1290 | D        | Noticed a cane toad
  1291 | D        | Noticed a catoblepas
  1294 | D        | Killed a cane toad
  1455 | D        | Learned a level 5 spell: Lee's Rapid Deconstruction
  1457 | D        | Offered knowledge of Iskenderun's Battlesphere by Vehumet.
  1460 | D        | Reached skill level 1 in Maces & Flails
  1461 | D        | Noticed a black mamba
  1761 | D        | Killed a cane toad
  1765 | D        | Killed a catoblepas
  1766 | D        | Reached skill level 19 in Earth Magic
  1776 | D        | Killed a black mamba
  1777 | D        | Reached XP level 11. HP: 59/60 MP: 2/29
  1922 | D        | Noticed a death yak
  1922 | D        | Noticed a death yak
  1922 | D        | Noticed a death yak
  1922 | D        | Noticed a death yak
  1928 | D        | Killed a death yak
  1932 | D        | Noticed a catoblepas
  1934 | D        | Killed a death yak
  1934 | D        | Killed a death yak
  1934 | D        | Offered knowledge of Iron Shot by Vehumet.
  1935 | D        | Reached skill level 15 in Spellcasting
  1935 | D        | Reached skill level 20 in Earth Magic
  2262 | D        | Reached ****** piety under Vehumet
  2267 | D        | Killed a death yak
  2274 | D        | Killed a catoblepas
  2678 | D        | Noticed Josephine
  2683 | D        | Killed Josephine
  2684 | D        | Reached skill level 21 in Earth Magic
  2736 | D        | Offered knowledge of Irradiate by Vehumet.
  2922 | D        | Offered knowledge of Yara's Violent Unravelling by Vehumet.
  3088 | D        | Noticed an orc knight
  3200 | D        | Killed an orc knight
  3200 | D        | Offered knowledge of Freezing Cloud by Vehumet.
  3454 | D        | Found Zohalent's Distillery.
  3454 | D        | Noticed an orc sorcerer
  3454 | D        | Noticed an orc sorcerer
  3454 | D        | Noticed an orc sorcerer
  3455 | D        | Killed an orc sorcerer
  3456 | D        | Reached skill level 22 in Earth Magic
  3456 | D        | Reached XP level 12. HP: 64/64 MP: 30/33
  3459 | D        | Offered knowledge of Starburst by Vehumet.
  3626 | D        | Found Evykluaxoa's Armour Shop.
  3630 | D        | Found Idghubb's Book Boutique.
  3634 | D        | Found Huemy's Distillery.
  3650 | D        | Bought a potion of haste for 100 gold pieces
  3650 | D        | Bought a potion of curing for 30 gold pieces
  3650 | D        | Bought a potion of might for 40 gold pieces
  3650 | D        | Bought a potion of curing for 30 gold pieces
  3650 | D        | Bought a potion of curing for 30 gold pieces
  3650 | D        | Bought a potion of curing for 30 gold pieces
  3652 | D        | Bought a +1 hat for 110 gold pieces
  3656 | D        | Bought a potion of heal wounds for 55 gold pieces
  3656 | D        | Bought a potion of heal wounds for 55 gold pieces
  3656 | D        | Bought a potion of heal wounds for 55 gold pieces
  3656 | D        | Bought a potion of might for 44 gold pieces
  3656 | D        | Bought a potion of curing for 33 gold pieces
  3658 | D        | Bought a manual of Conjurations for 800 gold pieces
  3662 | D        | Bought a potion of mutation for 80 gold pieces
  3662 | D        | Bought a potion of cancellation for 80 gold pieces
  3785 | D        | Learned a level 6 spell: Starburst
  3792 | D        | Got the +6 hand axe of the Fortifying Wasp {vorpal, Will++
                  | Int-3 Dex+4 SInv}
  3798 | D        | Got the +1 pair of gloves "Fozij" {rC++ Regen+}
  3851 | D        | Noticed an ogre mage
  3851 | D        | Noticed a boulder beetle
  3859 | D        | Offered knowledge of Orb of Destruction by Vehumet.
  3860 | D        | Reached skill level 23 in Earth Magic
  3863 | D        | Killed an ogre mage
  3867 | D        | Killed a boulder beetle
  4065 | D        | Noticed a death knight
  4070 | D        | Killed a death knight
  4077 | D        | Noticed an ettin
  4154 | D        | Killed an ettin
  4154 | D        | Offered knowledge of Lehudib's Crystal Spear by Vehumet.
  4154 | D        | Offered knowledge of Shatter by Vehumet.
  4154 | D        | Offered knowledge of Polar Vortex by Vehumet.
  4165 | D        | Learned a level 9 spell: Shatter
  4174 | D        | Learned a level 8 spell: Lehudib's Crystal Spear
  4295 | D        | Noticed a lich
  4298 | D        | Killed a lich
  4299 | D        | Reached skill level 24 in Earth Magic
  4325 | D        | Noticed a frost giant
  4327 | D        | Killed a frost giant
  4481 | D        | Noticed a rakshasa
  4486 | D        | Killed a rakshasa
  4555 | D        | Noticed a hell knight
  4558 | D        | Killed a hell knight
  4565 | D        | Noticed a fire dragon
  4570 | D        | Killed a fire dragon
  4571 | D        | Reached XP level 13. HP: 69/69 MP: 5/36
  4624 | D        | Noticed a vampire knight
  4650 | D        | HP: 2/69 [vampire knight/+0 great mace (34)]
  4650 | D        | Slain by a vampire knight

Illustrated notes

Levels and vault maps discovered:
D:        linesprint [early_d, line_temple, items_1, d_10, items_2, lair_1,
          lair_end, items_3, orc_1, orc_end, items_4, d_15, swamp_1, shoals_1,
          snake_1, spider_1, d_20, vaults_1, items_5, swamp_end, shoals_end,
          snake_end, spider_end, vaults_end, d_27, items_6, zot_1, zot_end,
          crypt_end, forest_end, elf_end, slime_end, tomb_end, abyss_end,
          pan_hell_end]

Skill      XL: |  1  2  3  4  5  6  7  8  9 10 11 12 |
---------------+-------------------------------------+-----
Earth Magic    | 8 9 10 12 14 16 17 19 22 24 | 24.8
Stealth        | 4 5 6 |  6.6
Dodging        | 2 3 4 5 6 |  6.3
Spellcasting   | 4 5 6 7 9 11 12 14 17 19 | 19.9
Transmutations | 1 2 3 |  3.1
Conjurations   | 1 4 6 7 8 |  8.6
Fighting       | 1 2 3 |  3.5
Armour         | 1 2 3 |  3.9
Evocations     | 1 2 |  2.7
Maces & Flails | 1 |  1.5

Action                   |  1- 3 |  4- 6 |  7- 9 | 10-12 | 13-15 || total
-------------------------+-------+-------+-------+-------+-------++-------
Melee: Morningstar       |       |       |       |     5 |       ||     5
 Cast: Sandblast         |     9 |    10 |    11 |    16 |     7 ||    53
       Stone Arrow       |       |     2 |    25 |    35 |     1 ||    63
       Petrify           |       |       |     6 |     1 |       ||     7
       Lee's Rapid Decon |       |       |       |    88 |     3 ||    91
       Shatter           |       |       |       |     6 |       ||     6
       Lehudib's Crystal |       |       |       |     1 |       ||     1
Evoke: Wand              |       |     1 |     5 |     1 |     3 ||    10
  Use: Potion            |     2 |     1 |     4 |     2 |     2 ||    11
       Scroll            |       |       |       |     1 |     1 ||     2
Armor: Robe              |     2 |     2 |     5 |       |       ||     9
       Troll leather arm |       |       |     1 |    20 |    10 ||    31
Dodge: Dodged            |     6 |     9 |    16 |    37 |    13 ||    81

Table legend: (Time is in decaauts)
 A = Elapsed time spent in this place.
 B = Non-inter-level travel time spent in this place.
 C = Inter-level travel time spent in this place.
 D = Time resting spent in this place.
 E = Time spent auto-exploring this place.
 F = Levels seen in this place.
 G = Mean time per level.
                   A        B        C        D        E       F      G
               +--------+--------+--------+--------+--------+-----+--------+
         Total |   4656 |   4656 |      0 |   2720 |    781 |   1 | 4656.0 |
       Dungeon |   4656 |   4656 |      0 |   2720 |    781 |   1 | 4656.0 |
               +--------+--------+--------+--------+--------+-----+--------+

Top non-repeatable levels by time:
       D: 4656 daAuts
